Map: Acid Plant LE

Players

Probe

  • Race: Protoss Protoss
  • Spawn Location: 5:00

harstem - Winner!

  • Race: Protoss Protoss
  • Spawn Location: 11:00

Event: WCS Austin 2018

VOD

Have the link to the VOD?

Description

Time

  • Played on: June 1, 2018, 4:38 p.m.
  • Length: 8:42

All games in this series

Show
View Real Time Build Order
Export as new Build Order

Probe Protoss 

Build Orders:  

Get SALT Encoding   

  12  0:00  Probe  
  13  0:12  Probe  
  14  0:19  Pylon  
  14  0:24  Probe  
  15  0:33  Probe  
  15  0:38  Gateway  
  15  0:41  Probe  
  17  0:50  Assimilator  
  17  0:51  Probe  
  17  0:56  Assimilator  
  18  0:59  Probe  
  19  1:07  Probe  
  19  1:14  Gateway  
  19  1:17  Probe  
  21  1:26  Cybernetics Core  
  21  1:30  Probe  
  22  1:35  Pylon  
  22  1:42  Probe  
  23  1:53  Warp Gate  
  23  1:54  Probe  
  24  2:00  Pylon  
  24  2:03  Stalker  
  24  2:08  Stalker  
  28  2:25  Pylon  
  28  2:26  Pylon  
  28  2:36  Stalker  
  30  2:38  Stalker  
  32  2:55  Nexus  
  32  3:07  Stalker  
  32  3:11  Stalker  
  36  3:24  Robotics Facility  
  36  3:32  Shield Battery  
  36  3:38  Pylon  
  36  3:50  Probe  
  37  3:57  Adept x2  
  37  4:02  Probe  
  42  4:09  Probe  
  43  4:14  Probe  
  39  4:17  Stalker  
  39  4:19  Probe  
  33  4:26  Probe  
  33  4:28  Probe  
  34  4:34  Probe  
  36  4:47  Stalker  
  38  4:53  Sentry  
  38  4:54  Probe  
  41  5:00  Probe  
  41  5:03  Probe  
  41  5:14  Probe  
  41  5:16  Probe  
  43  5:22  Probe  
  43  5:24  Probe  
  43  5:28  Sentry  
  45  5:30  Probe  
  45  5:34  Probe  
  46  5:36  Forge  
  46  5:41  Probe  
  48  5:48  Probe, Forge  
  49  5:53  Observer, Probe  
  51  6:00  Probe  
  50  6:05  Adept x2, Probe  
  52  6:12  Probe  
  52  6:15  Protoss Ground Weapons Level 1  
  52  6:17  Probe  
  54  6:18  Protoss Ground Armor Level 1  
  54  6:25  Probe  
  54  6:29  Probe, Pylon  
  56  6:37  Pylon  
  56  6:38  Probe  
  53  6:40  Pylon  
  53  6:41  Probe  
  53  6:45  Pylon  
  54  6:48  Pylon  
  54  6:53  Probe  
  54  6:54  Probe  
  56  6:59  Twilight Council  
  56  7:05  Probe  
  56  7:06  Probe  
  58  7:10  Assimilator  
  58  7:11  Assimilator  
  58  7:18  Probe x2  
  60  7:30  Gateway, Probe  
  60  7:33  Gateway x2  
  61  7:43  Templar Archives  
  61  7:46  Gateway  
  61  7:48  Gateway  
  61  7:52  Gateway  
  61  7:57  Zealot x2  
  65  8:04  Shield Battery  
  64  8:10  Shield Battery  
  64  8:13  Shield Battery  
  64  8:22  Shield Battery, High Templar  
  64  8:23  High Templar  
  68  8:27  Archon, Zealot  
  68  8:31  Zealot  
Show
View Real Time Build Order
Export as new Build Order

harstem Protoss - Winner!

Build Orders: Oracle Opening, Phoenix Opening, Zealot Archon 

Get SALT Encoding   

  12  0:00  Probe  
  13  0:13  Probe  
  14  0:18  Pylon  
  14  0:24  Probe  
  15  0:32  Probe  
  15  0:37  Gateway  
  15  0:40  Probe  
  16  0:48  Assimilator  
  17  0:50  Probe  
  17  0:56  Assimilator  
  18  0:58  Probe  
  19  1:07  Probe  
  20  1:12  Gateway  
  20  1:17  Probe  
  21  1:26  Cybernetics Core  
  21  1:29  Probe  
  22  1:35  Pylon  
  22  1:41  Probe  
  23  1:54  Probe, Warp Gate  
  24  2:03  Stalker, Sentry  
  28  2:11  Pylon  
  28  2:28  Stargate  
  28  2:36  Stalker  
  29  2:51  Nexus  
  29  2:57  Shield Battery  
  29  3:02  Oracle  
  29  3:03  Probe  
  30  3:09  Phoenix  
  33  3:15  Probe  
  33  3:19  Pylon  
  34  3:27  Probe  
  35  3:34  Shield Battery  
  35  3:39  Probe  
  36  3:41  Phoenix  
  38  3:58  Stalker x2  
  38  4:00  Probe  
  43  4:09  Phoenix  
  45  4:14  Probe  
  45  4:16  Probe  
  45  4:24  Pylon  
  45  4:26  Probe  
  45  4:31  Probe  
  47  4:33  Stalker  
  47  4:34  Probe  
  50  4:41  Shield Battery  
  50  4:43  Probe  
  50  4:44  Probe  
  51  4:52  Probe  
  52  4:56  Oracle, Probe  
  54  5:00  Pylon, Probe  
  54  5:02  Robotics Facility  
  58  5:11  Probe  
  58  5:12  Probe  
  60  5:15  Pylon  
  60  5:24  Probe  
  60  5:27  Assimilator  
  61  5:28  Probe  
  61  5:29  Assimilator, Forge  
  62  5:36  Probe  
  62  5:41  Twilight Council, Probe  
  64  5:46  Zealot  
  64  5:48  Probe  
  67  5:51  Immortal  
  67  5:53  Probe  
  67  5:54  Shield Battery  
  72  6:16  Protoss Ground Weapons Level 1  
  72  6:17  Charge  
  72  6:22  Immortal  
  72  6:23  Pylon  
  76  6:37  Gateway  
  76  6:39  Gateway x2  
  76  6:42  Probe  
  76  6:44  Gateway  
  76  6:45  Gateway  
  77  6:52  Immortal  
  77  6:58  Gateway  
  77  7:03  Templar Archives  
  77  7:05  Pylon  
  81  7:09  Pylon  
  81  7:19  Warp Prism  
  81  7:24  Photon Cannon  
  83  7:39  Nexus  
  83  7:42  High Templar x2  
  87  7:47  Archon, High Templar  
  87  7:48  High Templar  
  87  7:49  Observer  
  91  7:52  Archon, Pylon  
  91  7:55  Pylon, Probe  
  93  8:00  Probe  
  94  8:07  Probe  
  96  8:12  Probe  
  96  8:19  Probe  
  97  8:21  Assimilator  
  97  8:24  Probe  
  97  8:26  Assimilator  
  98  8:27  Zealot x3, High Templar x2  
  98  8:28  Zealot  
  98  8:32  Archon  
Tags
 
Add a new tag
Caveats
  • Supply blocks, unpowered buildings, or Contaminate may cause inaccurate times.
  • Supply counts are checked every 10 seconds.